 Dungeon Crawl Stone Soup version 0.30-a0-956-gcec3b41aec (webtiles) character file.

Game seed: 10063010969128774906

70 lesbiats the Trooper (level 4, -2/49 HPs)
             Began as an Ogre Fighter on Mar 30, 2023.
             Slain by a gnoll
             ... wielding a +0 flail
              (9 damage)
             ... on level 2 of the Dungeon.
             The game lasted 00:04:09 (953 turns).

lesbiats the Trooper (Ogre Fighter)                  Turns: 953, Time: 00:04:10

Health: -2/49      AC:  3    Str: 22    XL:     4   Next: 22%
Magic:  4/4        EV:  8    Int:  9    God:
Gold:   65         SH:  7    Dex:  8    Spells: 3/3 levels left

rFire   . . .      SeeInvis .    a - +0 flail
rCold   . . .      Faith    .    c - +0 kite shield
rNeg    . . .      Spirit   .    b - +0 robe
rPois   .          Reflect  .    (helmet restricted)
rElec   .          Rampage  .    (no cloak)
rCorr   .                        (gloves unavailable)
Will    .....                    (boots unavailable)
Stlth   +                        (no amulet)
HPRegen 0.28/turn                (no ring)
MPRegen 0.09/turn                (no ring)

@: no status effects
A: large, unfitting armour, tough skin 1
a: no special abilities


You were on level 2 of the Dungeon.
You visited 1 branch of the dungeon, and saw 2 of its levels.

You collected 98 gold pieces.
You spent 33 gold pieces at shops.

Inventory:

Hand Weapons
 a - a +0 flail (weapon)
Armour
 b - a +0 robe (worn)
 c - a +0 kite shield (worn)
Jewellery
 g - a ring of fire
Scrolls
 f - 2 scrolls of identify {unknown}
 h - a scroll of fog {unknown}
 i - a scroll of noise {unknown}
Potions
 d - a potion of might
 j - a potion of resistance {unknown}


   Skills:
 + Level 4.7 Fighting
 * Level 3.0 Maces & Flails
 + Level 3.2 Dodging
 - Level 3.0 Shields


You had 3 spell levels left.
You didn't know any spells.
Your spell library was empty.

Dungeon Overview and Level Annotations

Branches:
Dungeon (2/15)

Altars:

Shops:
D:1 [[!


Innate Abilities, Weirdness & Mutations

You are too large for most types of armour.
You have tough skin. (AC +1)


Message History

The gnoll shouts!
You hear a shout!
You thump the gnoll!
The gnoll is almost dead.
The gnoll hits you but does no damage.
You barely miss the gnoll.
The gnoll is almost dead.
The gnoll hits you with a +0 club. The gnoll hits you but does no damage.
You barely miss the gnoll.
The gnoll is almost dead.
The gnoll barely misses you. x2
You thump the gnoll!
You kill the gnoll!
The gnoll hits you with a +0 flail.
Your Maces & Flails skill increases to level 3!
You closely miss the gnoll. The gnoll hits you with a +0 flail!
The gnoll hits you with a +0 flail.
You completely miss the gnoll. The gnoll barely misses you.
You hit the gnoll.
The gnoll is lightly wounded.
The gnoll hits you with a +0 flail. The gnoll hits you with a +0 flail!
* * * LOW HITPOINT WARNING * * *
You barely miss the gnoll.
The gnoll is lightly wounded.
You block the gnoll's attack.
You hit the gnoll.
The gnoll is moderately wounded.
The gnoll barely misses you.
You hit the gnoll.
The gnoll is moderately wounded.
You block the gnoll's attack. The gnoll hits you with a +0 flail!
* * * LOW HITPOINT WARNING * * *
You feel better. The gnoll hits you with a +0 flail!
* * * LOW HITPOINT WARNING * * *
You completely miss the gnoll.
The gnoll is moderately wounded.
You block the gnoll's attack.
You barely miss the gnoll.
The gnoll is moderately wounded.
The gnoll hits you with a +0 flail!
You die...

#### #.. ##### #)# ....#
#@# ....# #g# #
....############)#.#####
...................g...g
.................#.####g
....##############.#
#)#†....# . #.#.###.# ##
#.#.#


You could see a gnoll.

Vanquished Creatures
  2 gnolls (D:2)
  An adder (D:2)
  5 endoplasms
  2 giant cockroaches (D:1)
  4 goblins (D:1)
  2 hobgoblins (D:1)
  4 kobolds
  5 quokkas
  5 ball pythons
  6 bats
  A frilled lizard (D:1)
  4 rats
  A spectral hobgoblin (D:1)
42 creatures vanquished.

Notes
Turn   | Place    | Note
-------+----------+-------------------------------------------
     0 | D:1      | lesbiats the Ogre Fighter began the quest for the Orb.
     0 | D:1      | Reached XP level 1. HP: 24/24 MP: 1/1
   111 | D:1      | Found Ukuidik's Distillery.
   131 | D:1      | Reached XP level 2. HP: 26/32 MP: 2/2
   156 | D:1      | Bought a potion of curing for 33 gold pieces
   383 | D:1      | Found a faded altar of an unknown god.
   437 | D:1      | Reached XP level 3. HP: 31/40 MP: 3/3
   683 | D:1      | Found Jutiafek's Antique Armour Emporium.
   685 | D:1      | Found Zerix's Antique Armour Emporium.
   940 | D:2      | Reached XP level 4. HP: 32/49 MP: 4/4
   953 | D:2      | Slain by a gnoll

Illustrated notes

Levels and vault maps discovered:
D:1:      minmay_arrival_four_houses, layout_basic, serial_shops, shop_statue,
          nicolae_diamond_shop, shop, dreamdust_ecumenical_altar_drowned_temple
D:2:      kennysheep_the_goblin_king, layout_basic, basic_altar,
          minmay_nonomino_d4

Skill      XL: |  1  2  3  4 |
---------------+-------------+-----
Maces & Flails | 2 3 |  3.0
Dodging        | 3 |  3.2
Fighting       | |  4.7
Shields        | |  3.0

Action                     |  1- 3 |  4- 6 || total
---------------------------+-------+-------++-------
  Melee: Flail             |   126 |    12 ||   138
    Use: Potion            |       |     1 ||     1
 Armour: Robe              |    55 |     2 ||    57
  Dodge: Dodged            |    55 |     4 ||    59
  Block: Kite shield       |    71 |     3 ||    74

Table legend: (Time is in decaauts)
 A = Elapsed time spent in this place.
 B = Non-inter-level travel time spent in this place.
 C = Inter-level travel time spent in this place.
 D = Time resting spent in this place.
 E = Time spent auto-exploring this place.
 F = Levels seen in this place.
 G = Mean time per level.
                   A        B        C        D        E       F      G
               +--------+--------+--------+--------+--------+-----+--------+
         Total |   1008 |    994 |     14 |     68 |    533 |   2 |  504.0 |
       Dungeon |   1008 |    994 |     14 |     68 |    533 |   2 |  504.0 |
               +--------+--------+--------+--------+--------+-----+--------+

Top non-repeatable levels by time:
     D:1: 790 daAuts
     D:2: 218 daAuts
